 Dungeon Crawl Stone Soup version 0.18-a0-775-g4d9e04e (webtiles) character file.

3819 4thArraOfDagon the Carver (level 10, -2/136 HPs)
             Began as a Hill Orc Berserker on Dec 13, 2015.
             Was a Believer of Trog.
             Killed from afar by Psyche (7 damage)
             ... with a magic dart
             ... on level 10 of the Dungeon.
             The game lasted 00:11:33 (2171 turns).

4thArraOfDagon the Carver (Hill Orc Berserker)      Turns: 2171, Time: 00:11:34

Health: -2/136     AC: 13    Str: 24    XL:     10   Next: 17%
Magic:  9/9        EV:  2    Int: 10    God:    Trog [**....]
Gold:   323        SH:  0    Dex: 10    Spells: 0 memorised, 9 levels left

rFire  + . .     SeeInvis .     o - +0 Sword of Power
rCold  + . .     Clarity  .     (armour currently unavailable)
rNeg   + + +     SustAt   .     (shield currently unavailable)
rPois  +         Gourm    .     (helmet currently unavailable)
rElec  +         Spirit   .     (cloak currently unavailable)
rCorr  +         Dismiss  .     (gloves currently unavailable)
rMut   .         NoTele   +     (boots currently unavailable)
MR     .....                    (no amulet)
Stlth  +.........               (no ring)
                                r - +3 ring of intelligence

@: lethally poisoned (-2 -> -7), exhausted, tree-form, resistant, corroded
equipment, slowed, very slow, not resistant to hostile enchantments, very
unstealthy
A: low mp 1
a: Berserk, Trog's Hand, Burn Spellbooks, Renounce Religion


You were on level 10 of the Dungeon.
You worshipped Trog.
Trog was pleased with you.
You were very hungry.
You were a tree.
You visited 1 branch of the dungeon, and saw 11 of its levels.

You collected 323 gold pieces.

Inventory:

Hand Weapons
 a - a +0 hand axe
 o - the +0 Sword of Power (weapon)
   (You found it on level 4 of the Dungeon)
Armour
 u - a +0 chain mail
 v - the cursed +1 ring mail "Fialun" (melded) {*Drain rC++ rN+ MR+}
   (You found it on level 8 of the Dungeon)

   It greatly protects you from cold.
   It protects you from negative energy.
   It affects your resistance to hostile enchantments.
   It causes draining when unequipped.
   It has a curse placed upon it.
 z - a +0 plate armour
Magical Staves
 j - an uncursed staff of power {unknown}
Jewellery
 p - an uncursed amulet of dismissal
 r - a +3 ring of intelligence (left branch)
Scrolls
 d - 2 scrolls of noise {unknown}
 e - a scroll of teleportation
 g - 4 scrolls of remove curse
 h - a scroll of recharging {unknown}
 m - a scroll of immolation {unknown}
 t - a scroll of identify
 y - a scroll of magic mapping {unknown}
 A - a scroll of enchant weapon {unknown}
Potions
 b - a potion of brilliance {unknown}
 k - a potion of lignification
 l - a potion of might {unknown}
 s - a potion of cancellation
 w - a potion of curing
Books
 n - a book of Party Tricks

   Spells                             Type                      Level
   a - Summon Butterflies             Summoning                    1
   b - Apportation                    Translocation                1
   c - Tukima's Dance                 Hexes                        3
   d - Alistair's Intoxication        Transmutation/Poison         4
   e - Invisibility                   Hexes                        6
   Trog disapproves of the use of such an item.
Comestibles
 c - 3 bread rations
 i - 11 chunks of flesh
 q - 6 meat rations


   Skills:
 + Level 9.2 Fighting
 * Level 10.2 Long Blades
 - Level 6.2 Axes
 + Level 8.2 Armour
 - Level 1.5 Dodging


You had 9 spell levels left.
You didn't know any spells.

Dungeon Overview and Level Annotations

Branches:
Dungeon (11/15)            Temple (0/1) D:4            Lair (0/8) D:8
    Orc: D:9-12

Altars:
Ashenzari
Fedhas
Nemelex Xobeh
Sif Muna

Annotations:
D:5 Dowan
D:8 Joseph
D:10 Psyche


Innate Abilities, Weirdness & Mutations

Your magical capacity is low (-10% MP).


Message History

The magic dart hits you!
You hit Psyche but do no damage.
Psyche is lightly wounded.
You feel sick. Psyche hits you but does no damage.
You are electrocuted!
* * * LOW HITPOINT WARNING * * *
Psyche smiles happily.
Psyche casts a spell at you.
Helpless, you fail to dodge the puff of frost.
* * * LOW HITPOINT WARNING * * *
Unknown command.
Unknown command.
Drink which item? (? for menu, Esc to quit)
It was a potion of resistance.
You feel protected.
Your skin stops crawling.
You feel less resistant to hostile enchantments.
* * * LOW HITPOINT WARNING * * *
You feel sick. Psyche gestures at you while chanting. The magic dart hits you!
You die...

###'### #### .## #..)..##...##
..# #.....#.....# #.#
'..8..'.....######## #.#
#.....#.....#....<.# #.#
#.....##...##.)....#####.########
#.....# #####......#.............
#.....#####.^....(.#.###..#######
##..............♣....# ##.#
##########.....@..### #.#
#........# #.# #........# #.#
#...)(...# #.# ####(##### #.#
#())@# #$# ####.# ##########)##


You could see Psyche.

Vanquished Creatures
  A deep troll earth mage (D:10)
  An orc knight (D:10)
  An ugly thing (D:10)
  A wraith (D:10)
  2 ice beasts
  A wasp (D:7)
  3 ogres
  4 orc warriors (D:10)
  An eye of draining (D:8)
  A phantom (D:8)
  A centaur (D:6)
  4 giant frogs
  A scorpion (D:10)
  4 wights (D:9)
  A jelly (D:7)
  4 crimson imps
  3 hounds
  A giant frog zombie (D:8)
  An orc wizard (D:8)
  4 worker ants
  2 orc priests (D:8)
  An iguana (D:8)
  3 adders
  An ooze (D:3)
  An adder skeleton (D:6)
  A giant gecko (D:1)
  25 orcs
  A ball python (D:4)
  3 goblins (D:1)
  2 hobgoblins
  2 quokkas
  3 bats
  A giant gecko skeleton (D:7)
  A giant newt (D:6)
  7 jackals
  2 kobolds
  A quokka skeleton (D:8)
  2 rats
99 creatures vanquished.

Notes
Turn   | Place    | Note
--------------------------------------------------------------
     0 | D:1      | 4thArraOfDagon the Hill Orc Berserker began the quest for the Orb.
     0 | D:1      | Reached XP level 1. HP: 19/19 MP: 1/1
    48 | D:1      | Reached XP level 2. HP: 22/27 MP: 2/2
   259 | D:3      | Reached XP level 3. HP: 33/33 MP: 3/3
   306 | D:3      | Found a sparkling altar of Nemelex Xobeh.
   388 | D:4      | Reached ** piety under Trog
   388 | D:4      | Reached skill level 5 in Axes
   388 | D:4      | Reached XP level 4. HP: 23/40 MP: 4/4
   415 | D:4      | Gained mutation: Your muscles are strong. (Str +2) [potion of mutation]
   415 | D:4      | Gained mutation: Your magical capacity is low (-10% MP). [potion of mutation]
   415 | D:4      | Lost mutation: Your muscles are strong. (Str +2) [potion of mutation]
   465 | D:4      | Found a staircase to the Ecumenical Temple.
   474 | D:4      | Noticed an ogre
   484 | D:4      | Killed an ogre
   484 | D:4      | Reached skill level 6 in Axes
   484 | D:4      | Reached XP level 5. HP: 47/47 MP: 4/4
   634 | D:5      | Entered Level 5 of the Dungeon
   634 | D:5      | Found a blossoming altar of Fedhas.
   643 | D:5      | Reached skill level 5 in Fighting
   647 | D:5      | Reached skill level 1 in Long Blades
   647 | D:5      | Reached XP level 6. HP: 10/56 MP: 5/5
   666 | D:5      | Found a deep blue altar of Sif Muna.
   847 | D:5      | Noticed Dowan
   894 | D:6      | Found a shattered altar of Ashenzari.
  1010 | D:7      | Reached XP level 7. HP: 61/61 MP: 6/6
  1109 | D:8      | Noticed a centaur warrior
  1144 | D:8      | Reached skill level 5 in Armour
  1291 | D:8      | Reached skill level 5 in Long Blades
  1310 | D:8      | Got a twisted ring mail
  1328 | D:7      | Reached XP level 8. HP: 66/70 MP: 7/7
  1334 | D:7      | Paralysed by a wasp for 3 turns
  1454 | D:8      | Found a staircase to the Lair.
  1503 | D:8      | Reached skill level 7 in Fighting
  1517 | D:8      | Noticed Joseph
  1666 | D:10     | Entered Level 10 of the Dungeon
  1685 | D:10     | Reached XP level 9. HP: 38/79 MP: 8/8
  1766 | D:10     | Noticed a deep troll earth mage
  1778 | D:10     | Killed a deep troll earth mage
  1778 | D:10     | Reached skill level 8 in Fighting
  1817 | D:10     | Noticed an orc knight
  1828 | D:10     | Killed an orc knight
  1828 | D:10     | Reached skill level 9 in Long Blades
  1863 | D:10     | Identified the cursed +1 ring mail "Fialun" {*Drain rC++ rN+ MR+} (You found it on level 8 of the Dungeon)
  1938 | D:10     | HP: 4/82 [orc/mace (6)]
  2044 | D:10     | Reached XP level 10. HP: 51/91 MP: 9/9
  2138 | D:10     | Noticed a brown ugly thing
  2151 | D:10     | Killed a brown ugly thing
  2151 | D:10     | Reached skill level 10 in Long Blades
  2154 | D:10     | Noticed Psyche
  2161 | D:11     | Noticed a cyan ugly thing
  2170 | D:10     | HP: 5/136 [Psyche/puff of frost (8)]
  2171 | D:10     | Killed from afar by Psyche

Vault maps used:
D:1:      erik_arrival_gehennom, minmay_gold_behind_fungi, hex_large
D:2:      grunt_temple_overflow_open, first_bread
D:3:      lemuel_round_altar, marbit_many_paths, old_standard_altar
D:4:      overflow_temple_1_default, minmay_temple_entry_junction,
          uniq_menkaure, uniq_edmund
D:5:      nicolae_qazlal_general_emergency, fedhas_altar_3, basic_altar,
          uniq_duvessa
D:6:      cheibrodos_ashenzari_chains, uniq_blork_the_orc, uniq_grinder
D:7:      overflow_temple_1_default, the_bakery
D:8:      lemuel_coloured_pillars_altar, lair_0_dummy,
          onia_ninara_dug_in_and_dangerous, uniq_joseph
D:9:      nicolae_overflow_hidden_temple, hangedman_minor_magic
D:10:     serial_shops, nicolae_shop_statue_plus, dk_noncrumbling_4,
          kennysheep_minor_cross, minmay_three_doors, uniq_erolcha, uniq_maud,
          uniq_psyche
D:11:     orc_0_dummy, lab_entry_generic, serial_bayou_pond_c

Action                   |  1- 3 |  4- 6 |  7- 9 | 10-12 || total
-------------------------+-------+-------+-------+-------++-------
Melee: Hand axe          |    44 |    21 |       |       ||    65
       Great sword       |       |    39 |   173 |    23 ||   235
Throw: Throwing net      |       |       |     2 |       ||     2
Invok: Berserk           |     2 |     3 |     7 |     2 ||    14
       Trog's Hand       |       |     3 |    11 |     2 ||    16
  Use: Potion            |     1 |     1 |       |     3 ||     5
       Scroll            |       |     3 |     3 |       ||     6
 Stab: Sleeping          |     1 |     1 |       |       ||     2
  Eat: Chunk             |       |     5 |    12 |     3 ||    20
